 Dungeon Crawl Stone Soup version 0.29.1-13-g9f3cf754e1 (webtiles) character file.

Game seed: 8581450243394185268

157 Heoruswealwe the Shooter (level 5, -6/32 HPs)
             Began as a Kobold Hunter on Feb 10, 2023.
             Was an Initiate of Nemelex Xobeh.
             Killed from afar by Ijyb (13 damage)
             ... with a puff of flame
             ... on level 3 of the Dungeon.
             The game lasted 00:36:24 (2089 turns).

Heoruswealwe the Shooter (Kobold Hunter)            Turns: 2089, Time: 00:36:24

Health: -6/32      AC: 12    Str:  8    XL:     5   Next: 66%
Magic:  5/5        EV: 14    Int: 10    God:    Nemelex Xobeh [......]
Gold:   159        SH:  0    Dex: 21    Spells: 4/4 levels left

rFire   . . .      SeeInvis .   O - +0 short sword
rCold   + . .      Faith    .   (no shield)
rNeg    . . .      Spirit   .   L - +5 ring mail of the Thunderstorm {rElec rC+ rCorr}
rPois   .          Reflect  .   (no helmet)
rElec   +          Harm     .   D - +0 cloak
rCorr   +          Rampage  .   E - +0 pair of gloves
Will    ++...                   (no boots)
Stlth   +++.......              (no amulet)
HPRegen 0.10/turn               d - ring of willpower
MPRegen 0.09/turn               s - ring of willpower

@: no status effects
A: small, no large weapons, nightstalker 3
a: Renounce Religion, Draw Escape, Draw Destruction, Draw Summoning


You were on level 3 of the Dungeon.
You worshipped Nemelex Xobeh.
Nemelex Xobeh was noncommittal.
You visited 1 branch of the dungeon, and saw 3 of its levels.

You collected 159 gold pieces.

Inventory:

Hand Weapons
 a - a +0 shortbow
 h - a +0 short sword
 i - a +0 whip
 j - a +0 club
 k - a +0 dagger
 p - a +0 club
 t - a +0 club
 x - a +0 dagger
 z - a +0 dagger
 A - a +0 whip
 F - a +0 dagger
 J - a +0 short sword
 N - a +0 whip
 O - a +0 short sword (weapon)
 P - a +0 dagger
 S - a +2 quarterstaff of chaos
 U - a +0 hammer
Missiles
 f - 27 stones
 g - 11 poisoned darts
Armour
 c - a +0 leather armour
 l - a +0 chain mail
 n - a +0 ring mail
 q - a +0 robe
 u - a +0 ring mail
 v - a +0 ring mail
 y - a +0 robe
 B - a +0 robe
 D - a +0 cloak (worn)
 E - a +0 pair of gloves (worn)
 L - the +5 ring mail of the Thunderstorm (worn) {rElec rC+ rCorr}
   (You found it on level 3 of the Dungeon)

   rC:        It protects you from cold.
   rElec:     It insulates you from electricity.
   rCorr:     It protects you from acid and corrosion.
 M - a +0 leather armour
 T - a +0 cloak
Jewellery
 d - a ring of willpower (left hand)
 m - an amulet of guardian spirit
 s - a ring of willpower (right hand)
 R - a ring of fire
Scrolls
 b - 2 scrolls of immolation
 o - a scroll of torment
 C - a scroll of enchant weapon
 H - a scroll of noise
Potions
 e - a potion of flight {unknown}
 r - a potion of haste
 w - 2 potions of degeneration
 G - a potion of berserk rage {unknown}
 I - a potion of attraction {unknown}
 K - a potion of resistance {unknown}
 Q - a potion of ambrosia {unknown}


   Skills:
 + Level 3.2 Fighting
 - Level 1.9 Short Blades
 + Level 6.0 Ranged Weapons
 + Level 0.8 Armour
 + Level 3.6 Dodging
 + Level 3.4 Stealth


You had 4 spell levels left.
You didn't know any spells.
Your spell library was empty.

Dungeon Overview and Level Annotations

Branches:
Dungeon (3/15)

Altars:
Makhleb
Nemelex Xobeh
Zin

Annotations:
D:3 Ijyb


Innate Abilities, Weirdness & Mutations

You are small and have problems with some larger weapons.
You are completely attuned to the shadows.


Message History

Aim: Ijyb, wielding a +0 club, wearing a +0 chain mail and carrying a wand of flame (5) (moderately wounded, 66% to hit)
You shoot an arrow. The arrow hits Ijyb.
Ijyb is heavily wounded.
Ijyb hits you with a +0 club.
* * * LOW HITPOINT WARNING * * *
Fire: a) +0 shortbow
Press: ? - help, Q - select action, (/) - cycle Shift-Dir - straight line, f/p - Ijyb
Aim: Ijyb, wielding a +0 club, wearing a +0 chain mail and carrying a wand of flame (5) (heavily wounded, 66% to hit)
You shoot an arrow. The arrow hits Ijyb.
Ijyb is heavily wounded.
Ijyb hits you with a +0 club.
* * * LOW HITPOINT WARNING * * *
Fire: a) +0 shortbow
Press: ? - help, Q - select action, (/) - cycle Shift-Dir - straight line, f/p - Ijyb
Aim: Ijyb, wielding a +0 club, wearing a +0 chain mail and carrying a wand of flame (5) (heavily wounded, 66% to hit)
You shoot an arrow. The arrow hits Ijyb but does no damage.
Ijyb is heavily wounded.
Ijyb barely misses you. Ijyb closely misses you.
Fire: a) +0 shortbow
Press: ? - help, Q - select action, (/) - cycle Shift-Dir - straight line, f/p - Ijyb
Aim: Ijyb, wielding a +0 club, wearing a +0 chain mail and carrying a wand of flame (5) (heavily wounded, 66% to hit)
You shoot an arrow. The arrow barely misses Ijyb.
Ijyb completely misses you.
O - a +0 short sword (weapon)
Ijyb closely misses you.
You hit Ijyb but do no damage.
Ijyb is heavily wounded.
Ijyb closely misses you.
You hit Ijyb but do no damage.
Ijyb is heavily wounded.
Ijyb grins evilly.
Ijyb zaps a wand.
The puff of flame misses you.
You closely miss Ijyb. You punch Ijyb, but do no damage.
Ijyb is heavily wounded.
Ijyb closely misses you.
You hit Ijyb but do no damage.
Ijyb is heavily wounded.
Ijyb zaps a wand.
The puff of flame hits you!
You die...
Your body disappears without a glow.

#......... .###....... #.........
#....... #........ ##.......
####.#### .......### ....
###....... # #... .... ...#..##.
## #..#. .... ......... ..
#.##.##g... ..........
###########.##..@.#.# ...........
....>........###....##...........
############.....................
##### #######...............
....# ####................. ....#
#####....####.##.........
....#####.............†..........
....#...........#....##..........
............................#..##


You could see Ijyb.

Vanquished Creatures
  Crazy Yiuf (D:3)
  Jessica (D:2)
  Natasha (twice) (D:3)
  An adder (D:3)
  3 dart slugs (D:1)
  An orc (D:3)
  3 endoplasms
  3 giant cockroaches
  A hobgoblin (D:3)
  6 kobolds
  7 ball pythons
  2 bats
  3 frilled lizards
  2 goblins
  8 rats
44 creatures vanquished.

Notes
Turn   | Place    | Note
-------+----------+-------------------------------------------
     0 | D:1      | Heoruswealwe the Kobold Hunter began the quest for the Orb.
     0 | D:1      | Reached XP level 1. HP: 12/12 MP: 1/1
   141 | D:1      | Reached XP level 2. HP: 16/18 MP: 2/2
   410 | D:1      | Reached skill level 1 in Short Blades
   726 | D:2      | Reached XP level 3. HP: 22/22 MP: 3/3
   833 | D:2      | Noticed Jessica
   836 | D:2      | Killed Jessica
   837 | D:2      | Reached XP level 4. HP: 27/27 MP: 4/4
  1232 | D:2      | Found a burning altar of Makhleb.
  1545 | D:3      | Identified the +5 ring mail of the Thunderstorm {rElec rC+
                  | rCorr}
  1678 | D:3      | Noticed Natasha
  1684 | D:3      | Killed Natasha
  1711 | D:3      | Found a glowing silver altar of Zin.
  1792 | D:3      | Reached XP level 5. HP: 32/32 MP: 5/5
  1862 | D:3      | Noticed Natasha
  1866 | D:3      | Killed Natasha
  1892 | D:3      | Found a sparkling altar of Nemelex Xobeh.
  1901 | D:3      | Became a worshipper of Nemelex Xobeh the Trickster
  1950 | D:3      | Found a runed translucent door.
  1953 | D:3      | Noticed Crazy Yiuf
  1966 | D:3      | Killed Crazy Yiuf
  1967 | D:3      | Reached skill level 6 in Ranged Weapons
  2076 | D:3      | Noticed Ijyb
  2089 | D:3      | Killed from afar by Ijyb

Illustrated notes

Levels and vault maps discovered:
D:1:      dpeg_arrival_arbitrary_a, layout_rooms, bh_walls_and_bars
D:2:      layout_basic, basic_altar, uniq_jessica
D:3:      layout_rooms, old_standard_altar, nicolae_overflow_hidden_temple,
          nicolae_ecumenical_snake_handling, uniq_natasha,
          uniq_crazy_yiuf_cottage, uniq_ijyb

Skill      XL: |  1  2  3  4  5 |
---------------+----------------+-----
Short Blades   | 1 |  1.9
Stealth        | 2 3 |  3.4
Dodging        | 3 |  3.6
Fighting       | 3 |  3.2
Ranged Weapons | 6 |  6.0
Armour         | |  0.8

Action                   |  1- 3 |  4- 6 || total
-------------------------+-------+-------++-------
Melee: Short sword       |       |     4 ||     4
       Punch             |       |     1 ||     1
 Fire: Shortbow          |    44 |    68 ||   112
  Use: Potion            |     2 |     2 ||     4
       Scroll            |     1 |     2 ||     3
Armor: Leather armour    |     1 |     3 ||     4
       Ring mail         |       |     8 ||     8
Dodge: Dodged            |     8 |    37 ||    45
